Get step-by-step instructions on how to execute this build order below. Start the game timer, and the build order will tick by so you can play in parallel with StarCraft on a second screen or mobile device.

Game Time

  0:00

Last Step

  N/A

Next Step

Upcoming Step



Don't want to look back and forth between 2 screens? Try out our Overwolf App, the Spawning Tool Build Advisor to get an in-game overlay with this build!

Complete Build Order

  12  0:00  SCV  
  13  0:12  SCV  
  14  0:17  Supply Depot  
  14  0:24  SCV  
  15  0:39  SCV  
  15  0:40  Barracks  
  16  0:43  Refinery  
  16  0:51  SCV  
  17  1:00  Barracks  
  17  1:03  SCV  
  18  1:15  SCV  
  19  1:20  Barracks  
  19  1:28  Refinery  
  19  1:29  Reaper  
  20  1:42  Orbital Command  
  20  1:47  Reaper  
  21  1:53  Supply Depot  
  21  2:02  Reaper  
  23  2:08  Reaper  
  23  2:15  SCV  
  24  2:17  Supply Depot  
  24  2:19  Reaper  
  25  2:27  SCV  
  26  2:34  Reaper  
  27  2:39  SCV  
  27  2:41  Reaper  
  26  2:51  Reaper, Engineering Bay  
  18  2:59  SCV  
  19  3:06  Reaper  
  19  3:11  SCV  
  21  3:15  Reaper  
  22  3:23  SCV  
  22  3:26  Reaper  
  24  3:35  SCV  
  24  3:38  Reaper  
  26  3:47  Reaper, SCV  
  28  3:53  Supply Depot  
  28  3:58  Reaper  
  28  3:59  SCV  
  29  4:10  Reaper  
  29  4:11  SCV  
  31  4:22  Reaper  
  31  4:23  SCV  
  28  4:35  SCV  
  29  4:39  Reaper  
  29  4:42  Reaper  
  31  4:47  Command Center  
  31  4:50  SCV  
  33  5:01  Barracks Tech Lab  
  33  5:02  SCV  
  34  5:14  SCV  
  34  5:25  Barracks Reactor, Marine  
  34  5:26  Barracks Reactor, SCV  
  36  5:32  Supply Depot  
  36  5:38  SCV  
  37  5:43  Marine  
  38  5:50  SCV  
  37  6:01  Marine  
  37  6:02  Orbital Command, SCV  
  37  6:03  Marine x2  
  37  6:04  Marine x2  
  41  6:14  SCV  
  42  6:19  Marine  
  42  6:20  Factory  
  42  6:21  Marine x2  
  42  6:24  Marine x2  
  47  6:26  SCV  
  48  6:39  SCV  
  54  6:49  Supply Depot